 Dungeon Crawl Stone Soup version 0.19.0-1-g5985abe (webtiles) character file.

145595 syranez the Severer (level 16, -13/149 HPs)
             Began as a Black Draconian Berserker on Nov 1, 2016.
             Was a High Priest of Trog.
             Killed from afar by a deep elf knight (28 damage)
             ... with a shard of ice
             ... on level 1 of the Elven Halls on Nov 2, 2016.
             The game lasted 02:04:33 (38817 turns).

syranez the Severer (Black Draconian Berserker)    Turns: 38817, Time: 02:04:34

Health: -13/149    AC: 19    Str: 27    XL:     16   Next: 87%
Magic:  24/25      EV: 19    Int: 18    God:    Trog [*****.]
Gold:   1339       SH:  3    Dex: 18    Spells: 0 memorised, 15 levels left

rFire  + . .     SeeInvis +     y - +4 executioner's axe (chop)
rCold  + . .     Gourm    .     (armour unavailable)
rNeg   . . .     Faith    .     (shield currently unavailable)
rPois  .         Spirit   .     W - +1 hat "Qexzoicis" {MP+9}
rElec  +         Reflect  +     H - +2 cloak {+Inv}
rCorr  .         Harm     .     Z - +1 pair of gloves "Ukerchiumn" {rF+ Int+6 Dex+3}
MR     +....                    (no boots)
Stlth  ++........               n - amulet "Jomah" {Reflect Dex+2 SH+3 SInv}
                                U - ring of Negot {Wiz +Blink Str+4 Int+3}
                                E - +4 ring of protection

@: lethally poisoned (-13 -> -15), exhausted, short of breath, slowed, heavily
drained, very slow
A: breathe lightning, unfitting armour, big wings, horns 1, talons 1, see
invisible, cold resistance 1, deterioration 1, electricity resistance, wild
magic 1, cold-blooded, AC +9
a: Breathe Lightning, Fly, Berserk, Trog's Hand, Brothers in Arms, Burn
Spellbooks, Renounce Religion, Evoke Blink, Evoke Invisibility


You were on level 1 of the Elven Halls.
You worshipped Trog.
Trog was extremely pleased with you.
You were near starving.

You visited 5 branches of the dungeon, and saw 25 of its levels.
You also visited: Labyrinth and Ice Cave.

You collected 3471 gold pieces.
You spent 2132 gold pieces at shops.

Inventory:

Hand Weapons
 o - a +2 scimitar of flaming
 y - a +4 executioner's axe of chopping (weapon)
 B - a +2 vampiric broad axe
 J - a +4 executioner's axe of freezing
 P - a +2 antimagic battleaxe
Missiles
 Q - 3 javelins of penetration
 T - 4 javelins
 Y - 5 silver javelins (quivered)
Armour
 H - a +2 cloak of invisibility (worn)
 W - the +1 hat "Qexzoicis" (worn) {MP+9}
   (You found it on level 2 of the Orcish Mines)

   It affects your magic capacity (+9).
 X - the +2 pair of gloves of the Hart {MR+ Stlth+}
   (You bought it in a shop on level 15 of the Dungeon)

   It affects your resistance to hostile enchantments.
   It makes you more stealthy.
 Z - the +1 pair of gloves "Ukerchiumn" (worn) {rF+ Int+6 Dex+3}
   (You bought it in a shop on level 11 of the Dungeon)

   It affects your intelligence (+6).
   It affects your dexterity (+3).
   It protects you from fire.
Jewellery
 g - an uncursed ring of protection from cold
 h - an uncursed ring of protection from magic
 n - the amulet "Jomah" (around neck) {Reflect Dex+2 SH+3 SInv}
   (You bought it in a shop on level 1 of the Orcish Mines)

   [amulet of reflection]

   It shields you and reflects attacks.
   It affects your dexterity (+2).
   It lets you see invisible.
   It affects your SH (+3).
 u - a +2 ring of dexterity
 v - a +3 ring of protection
 x - an uncursed amulet of guardian spirit
 E - a +4 ring of protection (left hand)
 K - an uncursed ring of positive energy
 L - an uncursed ring of positive energy
 U - the ring of Negot (right hand) {Wiz +Blink Str+4 Int+3}
   (You found it in an ice cave)

   [ring of wizardry]

   It improves your spell success rate.
   It affects your strength (+4).
   It affects your intelligence (+3).
   It lets you blink.
 V - a +3 ring of strength
Wands
 N - a wand of teleportation (6/9)
Scrolls
 e - a scroll of holy word
 f - 12 scrolls of remove curse
 j - 2 scrolls of immolation
 l - 5 scrolls of magic mapping
 m - 2 scrolls of fear
 p - 5 scrolls of fog
 D - 2 scrolls of recharging
 R - 3 scrolls of teleportation
 S - 2 scrolls of silence
Potions
 c - 4 potions of flight
 d - 3 potions of lignification
 i - 4 potions of curing
 k - 5 potions of brilliance
 q - 2 potions of ambrosia
 s - 4 potions of might
 t - 3 potions of agility
 z - 3 potions of haste
 F - a potion of mutation {unknown}
 O - 2 potions of invisibility {unknown}
Miscellaneous
 r - a phantom mirror
 C - a box of beasts
Comestibles
 a - a beef jerky
 b - 13 bread rations
 w - 9 meat rations
 A - 18 fruits
 G - a slice of pizza


   Skills:
 + Level 15.5(13.0) Fighting
 + Level 20.6(17.8) Axes
 + Level 10.0(7.7) Throwing
 + Level 11.7(9.4) Dodging
 + Level 0.2(0.0) Evocations


You had 15 spell levels left.
You didn't know any spells.

Dungeon Overview and Level Annotations

Branches:
Dungeon (15/15)            Temple (0/1) D:4            Lair (6/6) D:9
 Shoals (0/4) Lair:2       Spider (1/4) Lair:2        Slime (0/5) Lair:6
    Orc (2/2) D:11            Elf (1/3) Orc:2        Vaults (0/5) D:14
 Depths (0/5) D:15

Altars:
Cheibriados
Fedhas
Gozag
Nemelex Xobeh
Trog
Yredelemnul
Beogh

Shops:
D:5 *   D:7 (   D:11 [(   D:15 [   Orc:1 =   Orc:2 }***


Innate Abilities, Weirdness & Mutations

You can breathe wild blasts of lightning.
Your glossy black scales are hard. (AC +9)
You cannot fit into any form of body armour.
Your large and strong wings let you fly indefinitely.
You are resistant to electric shocks. (rElec)
You are cold-blooded and may be slowed by cold attacks.
You have a pair of small horns on your head.
You have sharp toenails.
You have supernaturally acute eyesight. (SInv)
Your flesh is cold resistant. (rC+)
Your body sometimes deteriorates upon taking damage.
Your spells are a little harder to cast, but a little more powerful.


Message History

The deep elf mage gestures wildly while chanting.
The deep elf mage blinks!
You blink.
You feel slightly more hungry.
* * * LOW HITPOINT WARNING * * *
You feel sick.
Unknown command.
You feel much better.
You feel sick.
You blink.
You feel slightly more hungry.
You feel sick.
Your troll goes berserk!
You are near starving!
You feel sick.
The redback disappears in a puff of smoke!
The deep elf knight completely misses you.
The dire flail of draining hits you!
* * * LOW HITPOINT WARNING * * *
You feel drained.
* * * LOW HITPOINT WARNING * * *
The deep elf knight gestures at you while chanting.
The shard of ice hits you! You partially resist.
You die...

#. ### #. #@## #. #.
####e(####.## ###
##..##.##.T##..... ...
#....#.#....#.##.####.###
#....#.#..(§#.##.#.......
#....#.#....#.##.#....e..
###....#.#e..e#.se)#)E.....
#.............e.#..§§..8e..
##.....8.<)8.....##T#ee.....


You could see 2 deep elf archers, a deep elf knight, a deep elf mage, 2 dancing
weapons and a friendly troll (berserk).

Vanquished Creatures
  Rupert (D:13)
  Kirke (Lair:3)
  A fire giant (D:15)
  2 frost giants
  2 entropy weavers (Lair:4)
  A deep elf demonologist (Elf:1)
  A minotaur (Lab)
  An ettin (Orc:2)
  6 dire elephants
  Josephine (D:11)
  9 hydras
  An anaconda (Lair:6)
  4 vault guards (D:14)
  4 centaur warriors
  A catoblepas (Lair:6)
  3 ogre magi
  3 tengu warriors
  A queen ant (Lair:5)
  The ghost of emiel the Cleaver, a novice DsBe of Trog (D:12)
  A death yak (IceCv)
  3 dancing weapons
  An orc high priest (Orc:2)
  Sonja (Lair:4)
  2 deep elf knights (Elf:1)
  Nergalle (Lair:2)
  2 unseen horrors
  3 skeletal warriors (D:15)
  2 deep trolls (Orc:2)
  A deep elf archer (D:14)
  9 hill giants
  10 deep elf magi
  2 orc knights
  3 orc sorcerers
  5 lindwurms
  4 manticores
  A wolf spider zombie (D:15)
  4 orb spiders (Spider:1)
  9 cyclopes
  3 wolf spiders
  An ugly thing (D:11)
  Maurice (D:12)
  37 elephants
  A black mamba (Lair:4)
  3 torpor snails
  6 centaur skeletons
  7 spiny frogs
  3 gargoyles
  An efreet (D:15)
  A demonic crawler (Spider:1)
  A tengu conjurer (D:14)
  2 freezing wraiths
  4 komodo dragons
  A yaktaur (D:14)
  A kobold demonologist (D:12)
  3 rime drakes
  11 trolls
  3 meliai
  The ghost of feelmyfire the Cleaver, an amateur HOFi (D:3)
  4 jumping spiders
  A hornet (D:14)
  11 two-headed ogres
  19 polar bears
  2 dream sheep (D:8)
  10 slime creatures
  A blink frog (Lair:3)
  21 hippogriffs
  A spriggan (Lair:3)
  2 vampires
  4 shadows
  3 wraiths (D:11)
  15 redbacks (Spider:1)
  46 yaks
  9 tarantellas (Spider:1)
  2 hungry ghosts (D:12)
  A basilisk (shapeshifter) (D:13)
  3 wyverns
  3 hogs
  5 basilisks
  A steam dragon (D:8)
  6 vampire mosquitoes
  2 wargs (Orc:1)
  A mottled dragon (D:13)
  24 soldier ants
  A hell hound (Lair:5)
  12 water moccasins
  23 orc warriors
  12 porcupines
  3 eyes of draining
  A swamp drake (Orc:2)
  2 ice beasts
  A black bear (D:6)
  A necrophage (D:12)
  A phantom (D:5)
  19 wolves
  9 centaurs
  33 ogres
  A boggart (D:12)
  17 crocodiles
  7 big kobolds
  The ghost of murphy the Magician, an amateur DECj (D:4)
  17 bullfrogs
  A scorpion (D:11)
  A water moccasin skeleton (D:11)
  16 killer bees
  7 howler monkeys
  4 electric eels
  5 centaur zombies
  9 crimson imps
  4 lava snakes (Lab)
  A quasit (D:14)
  6 hounds
  5 jellies
  2 bullfrog skeletons
  18 orc priests
  30 orc wizards
  An iron imp (Orc:2)
  10 iguanas
  27 worker ants
  A hound skeleton (D:5)
  2 hound zombies
  2 howler monkey zombies
  A worker ant zombie (D:5)
  A howler monkey skeleton (D:9)
  7 gnolls
  12 adders
  7 shadow imps
  A white imp (Orc:2)
  An adder zombie (D:9)
  An adder skeleton (D:9)
  2 worms (D:2)
  3 dart slugs
  The ghost of murphy the Conjurer, a weakling DECj of Cheibriados (D:6)
  4 leopard geckos
  96 orcs
  4 giant cockroaches
  7 hobgoblins
  8 jackals
  A quokka (D:7)
  3 ball pythons
  3 bats
  4 frilled lizards
  13 goblins
  37 kobolds
  12 rats
  A spectral orc (D:7)
  4 fungi
  8 plants
951 creatures vanquished.

Vanquished Creatures (collateral kills)
  The ghost of Jano the Grappler, a journeyman DrTm of Ru (Lair:6)
  Nessos (D:15)
  A catoblepas (Lair:6)
  A dancing weapon (Elf:1)
  A death yak (Lair:6)
  A deep elf archer (Elf:1)
  An ugly thing (D:12)
  A manticore (D:15)
  A cyclops (D:12)
  An ice statue (IceCv)
  2 spiny frogs (Lair:6)
  A rime drake (Lair:2)
  4 yaks (Lair:1)
  A worker ant (D:12)
18 creatures vanquished.

Vanquished Creatures (others)
  A redback (Spider:1)
  A human (Lair:4)
  A jelly (D:15)
  An orc (Orc:2)
  94 fungi
  48 plants
146 creatures vanquished.

Grand Total: 1115 creatures vanquished

Notes
Turn   | Place    | Note
-------+----------+-------------------------------------------
     0 | D:1      | syranez the Draconian Berserker began the quest for the Orb.
     0 | D:1      | Reached XP level 1. HP: 19/19 MP: 1/1
   508 | D:1      | Reached XP level 2. HP: 24/26 MP: 2/2
   602 | D:1      | You fall through a shaft!
   906 | D:2      | Reached ** piety under Trog
   920 | D:2      | Reached XP level 3. HP: 33/33 MP: 3/3
  1503 | D:2      | Reached XP level 4. HP: 39/40 MP: 4/4
  1971 | D:3      | Noticed feelmyfire's ghost (amateur HOFi)
  1982 | D:3      | Killed feelmyfire's ghost
  1982 | D:3      | Reached skill level 5 in Axes
  1982 | D:3      | Reached skill level 1 in Throwing
  1982 | D:3      | Reached XP level 5. HP: 29/47 MP: 5/5
  1982 | D:3      | Reached XP level 6. HP: 33/53 MP: 6/6
  2629 | D:3      | Found a snail-covered altar of Cheibriados.
  3133 | D:3      | Reached *** piety under Trog
  3385 | D:4      | Noticed murphy's ghost (amateur DECj)
  3396 | D:4      | Killed murphy's ghost
  3396 | D:4      | Reached skill level 6 in Axes
  3540 | D:4      | Your scales start taking on a glossy black colour.
  3540 | D:4      | Reached XP level 7. HP: 60/60 MP: 4/7
  3540 | D:4      | Gained mutation: You are resistant to electric shocks. (rElec) [Black Draconian growth]
  3659 | D:4      | Found a staircase to the Ecumenical Temple.
  4225 | D:5      | Entered Level 5 of the Dungeon
  4355 | D:5      | Found an opulent altar of Gozag.
  4356 | D:5      | Found a blossoming altar of Fedhas.
  4364 | D:5      | Found a bloodstained altar of Trog.
  4424 | D:5      | Reached skill level 5 in Fighting
  4552 | D:5      | Reached skill level 7 in Axes
  4696 | D:5      | Reached **** piety under Trog
  5060 | D:5      | Reached XP level 8. HP: 57/68 MP: 5/8
  5202 | D:5      | Found an opulent altar of Gozag.
  5205 | D:5      | Found Gozag's Platinum Reserve.
  5468 | D:6      | Noticed murphy's ghost (weakling DECj)
  5473 | D:6      | Killed murphy's ghost
  5737 | D:6      | Reached skill level 5 in Dodging
  5792 | D:6      | Reached skill level 8 in Axes
  6376 | D:7      | Found a basalt altar of Yredelemnul.
  6403 | D:7      | Found a sparkling altar of Nemelex Xobeh.
  6550 | D:7      | Found Zoibi's Antique Weapon Boutique.
  6581 | D:7      | Reached XP level 9. HP: 75/75 MP: 9/9
  6815 | D:7      | Reached skill level 9 in Axes
  7028 | D:8      | Reached ***** piety under Trog
  7296 | D:8      | Received a gift from Trog
  7496 | D:8      | Reached skill level 10 in Axes
  7549 | D:8      | Noticed a two-headed hydra
  7553 | D:8      | Killed a one-headed hydra
  7553 | D:8      | Reached skill level 11 in Axes
  7553 | D:8      | Reached XP level 10. HP: 88/88 MP: 10/10
  7884 | D:9      | Found a staircase to the Lair.
  8420 | D:10     | Entered Level 10 of the Dungeon
  9053 | D:10     | Reached skill level 12 in Axes
  9814 | Lair:1   | Entered Level 1 of the Lair of Beasts
 10270 | Lair:1   | Noticed an eight-headed hydra
 10281 | Lair:1   | Reached XP level 11. HP: 97/97 MP: 11/11
 10285 | Lair:1   | Killed a four-headed hydra
 10702 | Lair:2   | Found a staircase to the Shoals.
 10743 | Lair:2   | Found a frozen archway.
 10749 | Lair:2   | Received a gift from Trog
 10761 | IceCv    | Entered an ice cave
 10981 | IceCv    | Reached skill level 5 in Throwing
 11244 | IceCv    | Reached skill level 13 in Axes
 11459 | IceCv    | Reached skill level 10 in Fighting
 12052 | IceCv    | Noticed a frost giant
 12052 | IceCv    | Noticed a death yak
 12066 | IceCv    | Killed a death yak
 12066 | IceCv    | Reached XP level 12. HP: 107/107 MP: 9/12
 12072 | IceCv    | Killed a frost giant
 12072 | IceCv    | Reached skill level 14 in Axes
 12243 | IceCv    | Got a crude steel ring
 12524 | Lair:2   | Identified the ring of Negot {Wiz +Blink Str+4 Int+3} (You found it in an ice cave)
 13350 | Lair:2   | Got a scorched amber ring
 13690 | Lair:3   | Noticed a dire elephant
 13698 | Lair:3   | Killed a dire elephant
 13900 | Lair:2   | Noticed a seven-headed hydra
 13911 | Lair:2   | Killed a four-headed hydra
 14105 | Lair:2   | Noticed Nergalle
 14112 | Lair:2   | Killed Nergalle
 14112 | Lair:2   | Reached skill level 15 in Axes
 14311 | Lair:2   | Found a hole to the Spider Nest.
 15022 | Lair:3   | Reached XP level 13. HP: 117/117 MP: 13/13
 15532 | Lair:3   | Received a gift from Trog
 15785 | Lair:4   | Noticed Sonja
 15792 | Lair:4   | Killed Sonja
 16052 | Lair:4   | Identified the ring of Lupnil {rF- rC+ MR+ Stlth+} (You found it on level 2 of the Lair of Beasts)
 16179 | Lair:4   | Noticed Kirke
 16845 | Lair:3   | Killed Kirke
 17535 | Lair:4   | Found a runed door.
 17544 | Lair:4   | Reached skill level 16 in Axes
 17983 | Lair:4   | Identified a scroll of acquirement
 18505 | Lair:5   | Reached skill level 10 in Dodging
 18515 | Lair:5   | Received a gift from Trog
 18748 | Lair:5   | Gained mutation: Your large and strong wings let you fly indefinitely. [Black Draconian growth]
 18748 | Lair:5   | Reached XP level 14. HP: 95/127 MP: 9/14
 19852 | Lair:5   | Noticed an entropy weaver
 19863 | Lair:4   | Killed an entropy weaver
 20098 | Lair:5   | Noticed an entropy weaver
 20098 | Lair:5   | Received a gift from Trog
 20110 | Lair:4   | Killed an entropy weaver
 20110 | Lair:4   | Reached skill level 17 in Axes
 21350 | Lair:6   | Entered Level 6 of the Lair of Beasts
 21351 | Lair:6   | Noticed Jano's ghost (journeyman DrTm)
 22025 | Lair:6   | HP: 2/129 [Jano's ghost/bolt of negative energy (21)]
 23407 | Lair:6   | Killed Jano's ghost
 23717 | Lair:6   | Found a staircase to the Slime Pits.
 25657 | D:11     | Noticed Josephine
 25667 | D:11     | Killed Josephine
 26248 | D:11     | Found Qem Yvuz's Armour Shop.
 26255 | D:11     | Found a staircase to the Orcish Mines.
 26264 | D:11     | Found Meud's Weapon Shop.
 26391 | D:11     | Bought the +1 pair of gloves "Ukerchiumn" {rF+ Int+6 Dex+3} for 678 gold pieces
 26391 | D:11     | Bought a +2 cloak of invisibility for 344 gold pieces
 26539 | D:11     | Reached skill level 18 in Axes
 26543 | D:11     | Gained mutation: Your spells are a little harder to cast, but a little more powerful. [mutagenic meat]
 26544 | D:11     | Gained mutation: Your flesh is cold resistant. (rC+) [mutagenic meat]
 26622 | D:11     | Reached XP level 15. HP: 137/137 MP: 15/15
 26818 | D:11     | Received a gift from Trog
 27204 | Orc:1    | Entered Level 1 of the Orcish Mines
 27253 | Orc:1    | Found Jiud's Jewellery Shoppe.
 27556 | Orc:1    | Found a roughly hewn altar of Beogh.
 27695 | Orc:1    | Bought the amulet "Jomah" {Reflect Dex+2 SH+3 SInv} for 525 gold pieces
 27912 | Orc:2    | Entered Level 2 of the Orcish Mines
 27993 | Orc:2    | Found a labyrinth entrance.
 27997 | Lab      | Entered a labyrinth
 28562 | Orc:2    | Received a gift from Trog
 28741 | Orc:2    | Got a transparent hat
 28743 | Orc:2    | Got a steaming hat
 28756 | Orc:2    | Identified the cursed +0 hat of Pathos {rElec rPois MR-} (You found it on level 2 of the Orcish Mines)
 28778 | Orc:2    | Identified the +1 hat "Qexzoicis" {MP+9} (You found it on level 2 of the Orcish Mines)
 29133 | Orc:2    | Found a staircase to the Elven Halls.
 29155 | Orc:2    | Received a gift from Trog
 29212 | Orc:2    | Found a roughly hewn altar of Beogh.
 29610 | Orc:2    | Found Taf Goo's General Store.
 29612 | Orc:2    | Found Jougrei's General Store.
 29865 | Orc:2    | Found Rozy's Gadget Boutique.
 29873 | Orc:2    | Found Wurakhlof's General Store.
 29882 | Orc:2    | Bought a scroll of identify for 36 gold pieces
 29882 | Orc:2    | Bought a scroll of identify for 36 gold pieces
 29895 | Orc:2    | Bought a scroll of teleportation for 39 gold pieces
 29895 | Orc:2    | Bought a scroll of identify for 26 gold pieces
 29901 | Orc:2    | Bought a scroll of silence for 97 gold pieces
 30293 | D:12     | Noticed Maurice
 30298 | D:12     | Killed Maurice
 30367 | D:12     | Received a gift from Trog
 30653 | D:12     | Noticed a frost giant
 30660 | D:12     | Killed a frost giant
 30660 | D:12     | Reached skill level 19 in Axes
 30899 | D:12     | Noticed emiel's ghost (novice DsBe)
 30905 | D:12     | Killed emiel's ghost
 30981 | D:12     | Gained mutation: You have sharp toenails. [mutagenic meat]
 30982 | D:12     | Gained mutation: You have supernaturally acute eyesight. (SInv) [mutagenic meat]
 30983 | D:12     | Gained mutation: Your body sometimes deteriorates upon taking damage. [mutagenic meat]
 30984 | D:12     | Gained mutation: You have a pair of small horns on your head. [mutagenic meat]
 32228 | D:13     | Received a gift from Trog
 32574 | D:13     | Noticed Rupert
 32596 | D:13     | Killed Rupert
 32666 | D:13     | Reached XP level 16. HP: 86/147 MP: 16/16
 32675 | D:13     | Received a gift from Trog
 34285 | D:14     | Found a gate to the Vaults.
 34478 | D:15     | Entered Level 15 of the Dungeon
 34489 | D:15     | Reached skill level 20 in Axes
 34780 | D:15     | Reached skill level 15 in Fighting
 35213 | D:14     | Received a gift from Trog
 35467 | D:15     | Noticed Nessos
 35488 | D:15     | Killed Nessos
 36123 | D:15     | Found Donouj's Antique Armour Shop.
 36127 | D:15     | Bought a pair of heavily runed gloves for 351 gold pieces
 36137 | D:15     | Identified the +2 pair of gloves of the Hart {MR+ Stlth+} (You bought it in a shop on level 15 of the Dungeon)
 36228 | D:15     | Found a staircase to the Depths.
 36443 | D:15     | Upgraded the game from 0.19.0 to 0.19.0-1-g5985abe
 36714 | Spider:1 | Entered Level 1 of the Spider Nest
 36744 | Spider:1 | HP: 4/149 [redback (5)]
 36745 | Spider:1 | HP: 1/149 [poisoned by a redback]
 38007 | Spider:1 | Received a gift from Trog
 38575 | Elf:1    | Entered Level 1 of the Elven Halls
 38797 | Elf:1    | Reached skill level 10 in Throwing
 38800 | Elf:1    | Received a gift from Trog
 38801 | Elf:1    | Noticed a Hell Sentinel
 38813 | Elf:1    | HP: 6/149 [bounced beam (13)]
 38817 | Elf:1    | Killed from afar by a deep elf knight

Skill      XL: |  1  2  3  4  5  6  7  8  9 10 11 12 13 14 15 16 |
---------------+-------------------------------------------------+-----
Dodging        | 3 4 5 6 8 9 10 11 | 11.7
Fighting       | 4 5 6 7 9 10 11 12 13 14 15 | 15.5
Axes           | 5 6 7 8 11 12 13 15 16 18 19 20 | 20.6
Throwing       | 1 2 3 4 5 6 7 8 9 10 | 10.0
Evocations     | |  0.2

Action                   |  1- 3 |  4- 6 |  7- 9 | 10-12 | 13-15 | 16-18 || total
-------------------------+-------+-------+-------+-------+-------+-------++-------
Melee: Hand axe          |    98 |   125 |   231 |    23 |    23 |       ||   500
       Tailslap          |    17 |    20 |    40 |    82 |   185 |    41 ||   385
       War axe           |       |       |   110 |   481 |    37 |       ||   628
       Executioner's axe |       |       |       |       |   954 |   296 ||  1250
       Kick              |       |       |       |       |    30 |   123 ||   153
       Headbutt          |       |       |       |       |    19 |    75 ||    94
Throw: Stone             |    15 |    12 |    83 |    31 |       |       ||   141
       Tomahawk          |       |     4 |    15 |    86 |   275 |    23 ||   403
       Javelin           |       |       |       |       |    48 |    67 ||   115
Invok: Berserk           |     2 |     4 |     8 |    10 |    23 |     4 ||    51
       Burn Spellbooks   |       |       |     2 |     5 |     7 |       ||    14
       Brothers in Arms  |       |       |       |     4 |     6 |     3 ||    13
       Trog's Hand       |       |       |       |       |     1 |       ||     1
 Abil: Evoke Blink       |       |       |       |     1 |     3 |     2 ||     6
       Breathe Lightning |       |       |       |       |       |     1 ||     1
       Evoke Invisibilit |       |       |       |       |       |     1 ||     1
  Use: Scroll            |       |       |     9 |    11 |    21 |     2 ||    43
       Potion            |       |       |       |     4 |     6 |     5 ||    15
 Stab: Sleeping          |       |       |       |       |     3 |       ||     3
       Distracted        |       |       |       |       |       |     1 ||     1
  Eat: Chunk             |     4 |     4 |    19 |    19 |    64 |    17 ||   127
       Meat ration       |       |     1 |       |     1 |     1 |       ||     3
       Beef jerky        |       |       |     1 |     2 |     2 |     1 ||     6
       Royal jelly       |       |       |       |     2 |     1 |       ||     3
       Pizza             |       |       |       |     1 |     7 |     3 ||    11
       Bread ration      |       |       |       |     1 |       |       ||     1
       Fruit             |       |       |       |       |     2 |       ||     2
Armor: Skin              |    22 |    32 |   115 |   202 |   406 |   107 ||   884
Dodge: Dodged            |    49 |    77 |   194 |   395 |  1033 |   386 ||  2134
Block: Other             |       |       |       |       |    21 |    35 ||    56
       Reflection        |       |       |       |       |     2 |     2 ||     4
